cohdb
Replays
Latest Replays
All Replays
Popular Replays
Top Player Replays
Match Explorer
How It Works
Community
CoH3 Stats
Reddit
Sign in to upload your games and track your stats! →
Sign in with Steam
Match 43424424
Unlisted
Match 43424424
Overview
Messages
Build Orders
End
Construct Infanterie Kompanie
Kettenkrad Recon Vehicle
MG 42 Machine Gun Team
MG 42 Machine Gun Team
Construct Panzergrenadier Kompanie
Panzergrenadier Squad
Panzergrenadier Squad
Panzergrenadier Officer Quarters
Support Elements
Forward Retreat Point
Medical Bunker
StuG III G Assault Gun
Side Skirts
StuG III G Assault Gun
Selects Terror Battlegroup
Selects Machine Gun Camouflage
Selects Defend the Fatherland
StuG III G Assault Gun
Selects Contempt for the Weak
Nebelwerfer 42 Rocket Launcher Team
StuG III G Assault Gun
Nebelwerfer 42 Rocket Launcher Team
Grenadier Squad
Pioneer Squad
Selects King Tiger Heavy Tank
King Tiger Heavy Tank
Construct Panzer Kompanie
Selects Interrogate
Pioneer Squad
Pioneer Squad
Panzer IV Medium Tank
Selects Jericho Trumpet
Jericho Trumpet
Pak 40 Anti-tank Gun Team
PatriceLumumba400
Space5
WasIsDaLos
KuruKuru
B1t
SkyCurv
Fhilly
EF-2000
0
0
Comments
sign in to comment!
No comments posted yet!